 Dungeon Crawl Stone Soup version 0.30-a0-1114-gd936c97349 (webtiles) character file.

Game seed: 4074163641304656328

1099 bande the Chopper (level 8, -5/49 HPs)
             Began as a Gargoyle Fighter on Apr 19, 2023.
             Killed from afar by an orc wizard (7 damage)
             ... with a puff of flame
             ... on level 6 of the Dungeon on Apr 20, 2023.
             The game lasted 00:09:01 (4678 turns).

bande the Chopper (Gargoyle Fighter)                Turns: 4678, Time: 00:09:02

Health: -5/49      AC: 15    Str: 19    XL:     8   Next: 32%
Magic:  8/8        EV:  7    Int: 10    God:
Gold:   168        SH:  0    Dex: 17    Spells: 7/7 levels left

rFire   . . .      SeeInvis .    a - +0 war axe (freeze)
rCold   . . .      Faith    +    c - +0 buckler
rNeg    + . .      Spirit   .    j - +0 chain mail
rPois   ∞          Reflect  .    (no helmet)
rElec   +          Rampage  .    (no cloak)
rCorr   .                        (no gloves)
Will    .....                    (no boots) Stlth
                                 e - amulet of faith
HPRegen 0.28/turn                k - +6 ring of dexterity
MPRegen 0.11/turn                (no ring)

@: confused
A: sickness immunity, AC +5, negative energy resistance 1, electricity
resistance, torment resistance 1, petrification resistance
a: no special abilities


You were on level 6 of the Dungeon.
You visited 1 branch of the dungeon, and saw 7 of its levels.

You collected 228 gold pieces.
You spent 60 gold pieces at shops.

Inventory:

Hand Weapons
 a - a +0 war axe of freezing (weapon)
 b - a +3 flail
Armour
 c - a +0 buckler (worn)
 j - a +0 chain mail (worn)
Jewellery
 e - an amulet of faith (around neck)
 k - a +6 ring of dexterity (left hand)
Wands
 t - a wand of charming (12)
Scrolls
 h - a scroll of teleportation
 m - a scroll of amnesia
 r - 2 scrolls of poison
 w - a scroll of silence
Potions
 d - a potion of might
 f - a potion of heal wounds
 g - a potion of flight
 i - a potion of invisibility
 l - 2 potions of haste
 p - 5 potions of curing
 q - a potion of cancellation {unknown}
 u - 2 potions of brilliance


   Skills:
 + Level 5.2 Fighting
 + Level 6.0 Axes
 + Level 5.4 Armour
 + Level 4.3 Shields
 * Level 3.1 Evocations


You had 7 spell levels left.
You didn't know any spells.
Your spell library contained the following spells:

 Spells                   Type           Power      Damage    Failure   Level
 Freeze                   Ice            0%         1d3       98%         1
 Frozen Ramparts          Ice            0%         1d1       100%        3
 Hailstorm                Conj/Ice       0%         3d3       100%        3
 Ozocubu's Armour         Ice            0%         N/A       100%        3
 Tukima's Dance           Hex            0%         N/A       100%        3
 Passage of Golubria      Tloc           0%         N/A       100%        4
 Metabolic Englaciation   Hex/Ice        0%         N/A       100%        5
 Yara's Violent Unravell  Hex/Tmut       0%         3d3       100%        5
 Simulacrum               Ice/Necr       0%         N/A       100%        6


Dungeon Overview and Level Annotations

Branches:
Dungeon (7/15)
 Temple: D:4-7

Altars:
Fedhas
Ru

Shops:
D:4 *


Innate Abilities, Weirdness & Mutations

You are immune to sickness and miasma.
Your stone body is resilient. (AC +5)
You are immune to poison.
You resist negative energy. (rN+)
You are resistant to electric shocks. (rElec)
You are resistant to unholy torment.
You are immune to petrification.


Message History

You hear some strange, mumbled words.
You are confused.
You bump into the rock wall.
The steam dragon closely misses your bullfrog. x2
Something hits you.
Your bullfrog hits the steam dragon! Something hits you.
Your bullfrog dissolves into shadows!
You hear some strange, mumbled words.
A puff of flame appears from out of thin air!
The puff of flame hits you. Something hits you but does no damage.
The steam dragon breathes steam at you. The ball of steam hits you!
Something completely misses you. Something hits you but does no damage.
The steam dragon bites you but does no damage.
The steam dragon claws you but does no damage.
Something hits you but does no damage.
The steam dragon attacks as you move away!
The steam dragon bites you but does no damage.
The steam dragon claws you but does no damage.
Something hits you but does no damage.
You hear some strange, mumbled words.
A magic dart appears from out of thin air!
The magic dart hits you.
* * * LOW HITPOINT WARNING * * *
You bump into the rock wall.
You feel less confused.
The steam dragon bites you but does no damage.
The steam dragon claws you but does no damage.
You hear some strange, mumbled words.
You are confused.
You slash the steam dragon! You freeze the steam dragon.
The steam dragon is severely wounded.
You completely miss something. The steam dragon breathes steam at you.
The ball of steam hits you!
* * * LOW HITPOINT WARNING * * *
You hear some strange, mumbled words.
A puff of flame appears from out of thin air!
The puff of flame hits you!
You die...

...###.#.#######
+#.###..........
#....).........
######.##############
..####..)#...........
........†....)#
...........##)#
...........##.####
..(........##§D@§###+
..............{......#
##########...§.....###
#.........#
#...§.....+
#.........#
#.........#
#.........#
#.........#


You could see a steam dragon (catching breath).

Vanquished Creatures
  An ice beast (D:6)
  A sky beast (D:7)
  A black bear (D:5)
  An ogre (D:4)
  A phantom (D:4)
  4 hounds
  A jelly (D:5)
  An orc priest (D:5)
  A gnoll bouda (D:3)
  Jessica (D:2)
  2 sleepcaps
  3 orc wizards (D:5)
  An iguana (D:4)
  8 gnolls
  8 adders
  3 worms
  2 dart slugs
  15 orcs
  8 bats
  3 endoplasms
  2 giant cockroaches
  3 goblins (D:1)
  4 hobgoblins
  10 jackals
  2 quokkas
  7 ball pythons
  4 frilled lizards
  7 kobolds
  2 rats
107 creatures vanquished.

Vanquished Creatures (collateral kills)
  An orc wizard (D:6)
1 creature vanquished.

Grand Total: 108 creatures vanquished

Notes
Turn   | Place    | Note
-------+----------+-------------------------------------------
     0 | D:1      | bande the Gargoyle Fighter began the quest for the Orb.
     0 | D:1      | Reached XP level 1. HP: 14/14 MP: 1/1
   116 | D:1      | Reached XP level 2. HP: 20/20 MP: 2/2
   432 | D:1      | Reached skill level 2 in Axes
   432 | D:1      | Reached XP level 3. HP: 22/24 MP: 3/3
   694 | D:2      | Found a blossoming altar of Fedhas.
   727 | D:2      | Found a faded altar of an unknown god.
   835 | D:2      | Reached XP level 4. HP: 29/29 MP: 4/4
  1047 | D:2      | Noticed Jessica
  1055 | D:2      | Killed Jessica
  1377 | D:3      | Reached skill level 3 in Axes
  1588 | D:3      | Reached XP level 5. HP: 33/33 MP: 5/5
  1823 | D:3      | Upgraded the game from 0.30-a0-1112-gfb780f5df6 to
                  | 0.30-a0-1114-gd936c97349
  2232 | D:4      | Noticed an ogre
  2240 | D:4      | Killed an ogre
  2241 | D:4      | Reached skill level 1 in Evocations
  2339 | D:3      | Reached XP level 6. HP: 13/39 MP: 6/6
  2674 | D:4      | Reached skill level 4 in Axes
  3194 | D:5      | Entered Level 5 of the Dungeon
  3225 | D:5      | Reached XP level 7. HP: 42/44 MP: 7/7
  3306 | D:5      | Reached skill level 5 in Armour
  3501 | D:5      | Reached skill level 5 in Axes
  3922 | D:5      | Found a sacrificial altar of Ru.
  4066 | D:4      | Found Huag's General Store.
  4074 | D:4      | Bought a potion of heal wounds for 60 gold pieces
  4175 | D:4      | Reached skill level 5 in Fighting
  4286 | D:4      | You fall into a shaft and drop 3 floors!
  4310 | D:7      | Reached XP level 8. HP: 41/49 MP: 8/8
  4667 | D:6      | Reached skill level 6 in Axes
  4678 | D:6      | HP: 2/49 [steam dragon/ball of steam (11)]
  4678 | D:6      | Killed from afar by an orc wizard

Illustrated notes

Levels and vault maps discovered:
D:1:      onia_arrival_mini_spirals, layout_rooms, minmay_pentomino_r4
D:2:      layout_basic, hellmonk_ecumenical_altar_pennies_from_heaven,
          basic_altar, minmay_indecisive_spiral, uniq_jessica
D:3:      layout_loops_corners, lemuel_flame_loot_1
D:4:      layout_basic, serial_shops, nicolae_shop_tiny_statue_garden,
          corexii_shack
D:5:      layout_gridville, nicolae_ru_awakened_eye, hex_large
D:6:      layout_basic, uniq_grinder
D:7:      layout_basic, nicolae_overflow_squiral, minmay_temple_entry_junction,
          serial_rivers, chequers_serial_rivers_marsh,
          chequers_serial_rivers_micro_a, chequers_serial_rivers_marsh,
          chequers_serial_rivers_micro_c

Skill      XL: |  1  2  3  4  5  6  7  8 |
---------------+-------------------------+-----
Axes           | 2 3 4 5 6 |  6.0
Fighting       | 4 5 |  5.2
Armour         | 4 5 |  5.4
Evocations     | 1 2 3 |  3.1
Shields        | 4 |  4.3

Action                     |  1- 3 |  4- 6 |  7- 9 || total
---------------------------+-------+-------+-------++-------
  Melee: War axe           |    81 |   113 |    95 ||   289
    Use: Scroll            |       |    15 |     4 ||    19
 Armour: Scale mail        |    54 |    70 |       ||   124
         Chain mail        |       |    18 |   114 ||   132
  Dodge: Dodged            |    42 |    60 |    31 ||   133
  Block: Buckler           |    25 |    34 |    41 ||   100

Table legend: (Time is in decaauts)
 A = Elapsed time spent in this place.
 B = Non-inter-level travel time spent in this place.
 C = Inter-level travel time spent in this place.
 D = Time resting spent in this place.
 E = Time spent auto-exploring this place.
 F = Levels seen in this place.
 G = Mean time per level.
                   A        B        C        D        E       F      G
               +--------+--------+--------+--------+--------+-----+--------+
         Total |   4790 |   4632 |    158 |    899 |   2833 |   7 |  684.3 |
       Dungeon |   4790 |   4632 |    158 |    899 |   2833 |   7 |  684.3 |
               +--------+--------+--------+--------+--------+-----+--------+

Top non-repeatable levels by time:
     D:3: 1399 daAuts
     D:4: 1137 daAuts
     D:2: 675 daAuts
     D:1: 606 daAuts
     D:5: 571 daAuts
     D:7: 207 daAuts
     D:6: 192 daAuts
